 Dungeon Crawl Stone Soup version 0.31-a0-8-gd14b0f4ee2 (webtiles) character file.

Game seed: 7762008176983118988

53 Kuronicle the Sneak (level 3, 0/25 HPs)
             Began as an Octopode Transmuter on May 6, 2023.
             Slain by a jackal (2 damage)
             ... on level 2 of the Dungeon.
             The game lasted 00:03:00 (751 turns).

Kuronicle the Sneak (Octopode Transmuter)            Turns: 751, Time: 00:03:00

Health: 0/25       AC:  1    Str: 11    XL:     3   Next: 89%
Magic:  6/6        EV: 13    Int: 15    God:
Gold:   46         SH:  0    Dex: 12    Spells: 5/6 levels left

rFire   . .          .
                       - Unarmed
rCold   . . .        (no shield)
rNeg    . . .        (helmet restricted)
rPois   .            (no amulet)
rElec   .            (no ring)
rCorr   .            (no ring)
SInv    .            (no ring)
Will    .....        (no ring)
Stlth   +++          (no ring)
HPRegen 0.24/turn    (no ring)
MPRegen 0.10/turn    (no ring)
                     (no ring)

%: no passive effects
@: lethally poisoned (0 -> -2)
A: almost no armour, amphibious, 8 rings, camouflage 1, gelatinous body 1,
(nimble swimmer 1), tentacles
a: no special abilities


You were on level 2 of the Dungeon.
You visited 1 branch of the dungeon, and saw 2 of its levels.

You collected 46 gold pieces.

Inventory:

Hand Weapons
 d - a +2 short sword of speed
Missiles
 e - 3 javelins (quivered)
Scrolls
 c - a scroll of fear {unknown}
 f - a scroll of vulnerability {unknown}
Potions
 a - a potion of lignification
 b - 2 potions of might {unknown}


   Skills:
 * Level 2.5 Fighting
 - Level 2.0 Dodging
 * Level 3.5 Stealth
 - Level 3.0 Unarmed Combat
 - Level 2.0 Spellcasting
 - Level 2.0 Transmutations


You had 5 spell levels left.
You knew the following spells:

 Your Spells              Type           Power      Damage    Failure   Level
a - Beastly Appendage     Tmut           14%        N/A       10%         1

Your spell library contained the following spells:

 Spells                   Type           Power      Damage    Failure   Level
 Wereblood                Tmut           7%         N/A       14%         2
 Spider Form              Tmut/Pois      4%         N/A       41%         3
 Ice Form                 Ice/Tmut       4%         N/A       82%         4


Dungeon Overview and Level Annotations

Branches:
Dungeon (2/15)

Altars:


Innate Abilities, Weirdness & Mutations

You cannot wear most types of armour.
You are amphibious.
You can wear up to eight rings at the same time.
Your skin changes colour to match your surroundings (Stealth+).
Your rubbery body absorbs attacks. (AC +1, EV +1)
((You are camouflaged when in or above water. (Stealth+)))
You have tentacles for arms and can constrict up to eight enemies at once.


Message History

Your squeeze misses the adder.
The adder is moderately wounded.
The adder bites you.
You are poisoned.
The adder poisons you!
You completely miss the adder. Your grab misses the adder.
The adder is moderately wounded.
You feel sick. The adder closely misses you.
You closely miss the adder. You grab the adder.
The adder is moderately wounded.
You constrict the adder. The adder bites you.
You are more poisoned.
The adder poisons you! The jackal bites you.
You tentacle-slap the adder. You squeeze the adder.
You kill the adder!
You feel very sick.
The jackal barks!
The jackal closely misses you.
You feel sick. The jackal misses you.
You see here an adder corpse.
You feel sick. The jackal bites you. The jackal misses you.
You tentacle-slap the jackal but do no damage.
Your grab misses the jackal.
You feel sick. The jackal misses you. The jackal bites you. x2
* * * LOW HITPOINT WARNING * * *
You closely miss the jackal. You grab the jackal.
You constrict the jackal, but do no damage.
You feel sick. The jackal misses you. The jackal closely misses you.
The jackal bites you.
* * * LOW HITPOINT WARNING * * *
You barely miss the jackal.
You constrict the jackal, but do no damage.
You feel sick. The jackal bites you.
* * * LOW HITPOINT WARNING * * *
The jackal closely misses you.
You tentacle-slap the jackal but do no damage.
You constrict the jackal.
* * * LOW HITPOINT WARNING * * *
You feel sick. The jackal bites you.
You die...

##.#.## .......
.......##
........# ## #
.......##.#.#
####.......#.#
.......h>....#.#
.......@†......#
##....>h..##.#.#
###..#...##.#
............#
####.#......#
#.....<....##
####.....#.#
##.#..#.#
#.#..#.#


You could see 2 jackals.

Vanquished Creatures
  An adder (D:2)
  2 dart slugs
  2 ball pythons (D:1)
  6 bats (D:1)
  4 endoplasms (D:1)
  A giant cockroach (D:1)
  5 goblins (D:1)
  3 hobgoblins (D:1)
  3 jackals (D:1)
  5 kobolds (D:1)
  2 quokkas (D:1)
  A frilled lizard (D:1)
  A rat (D:2)
36 creatures vanquished.

Notes
Turn   | Place    | Note
-------+----------+-------------------------------------------
     0 | D:1      | Kuronicle the Octopode Transmuter began the quest for the
                  | Orb.
     0 | D:1      | Reached XP level 1. HP: 13/13 MP: 3/3
     4 | D:1      | You fall into a shaft and drop 1 floor!
    41 | D:1      | Reached skill level 1 in Stealth
    45 | D:1      | Reached XP level 2. HP: 5/18 MP: 5/5
   327 | D:1      | Reached XP level 3. HP: 22/24 MP: 6/6
   751 | D:2      | Slain by a jackal

Illustrated notes

Levels and vault maps discovered:
D:1:      saegor_arrival_simple_b, layout_rooms
D:2:      layout_basic, minmay_tetromino_l4, uniq_natasha

Skill      XL: |  1  2  3 |
---------------+----------+-----
Stealth        | 1 2 3 |  3.5
Fighting       | 2 |  2.5
Dodging        | |  2.0
Unarmed Combat | |  3.0
Spellcasting   | |  2.0
Transmutations | |  2.0

Action                     || total
---------------------------++-------
  Melee: Unarmed           ||    92
         Constrict         ||    24
         Tentacles         ||    17
         Punch             ||     4
   Stab: Sleeping          ||     4
 Armour: Skin              ||    18
  Dodge: Dodged            ||    99

Table legend: (Time is in decaauts)
 A = Elapsed time spent in this place.
 B = Non-inter-level travel time spent in this place.
 C = Inter-level travel time spent in this place.
 D = Time resting spent in this place.
 E = Time spent auto-exploring this place.
 F = Levels seen in this place.
 G = Mean time per level.
                   A        B        C        D        E       F      G
               +--------+--------+--------+--------+--------+-----+--------+
         Total |    745 |    741 |      4 |      0 |    460 |   2 |  372.5 |
       Dungeon |    745 |    741 |      4 |      0 |    460 |   2 |  372.5 |
               +--------+--------+--------+--------+--------+-----+--------+

Top non-repeatable levels by time:
     D:1: 715 daAuts
     D:2: 30 daAuts
